 Dungeon Crawl Stone Soup version 0.17-a0-1435-geafbe2f (webtiles) character file.

581 Snupthedog the Slasher (level 7, -2/37 HPs)
             Began as a Vine Stalker Gladiator on June 26, 2015.
             Slain by an ogre
             ... wielding a +0 giant club
              (18 damage)
             ... on level 4 of the Dungeon.
             The game lasted 00:10:33 (2836 turns).

Snupthedog the Slasher (Vine Stalker Gladiator)     Turns: 2836, Time: 00:10:33

Health: -2/37      AC:  4    Str: 18    XL:     7   Next: 36%
Magic:  0/8        EV: 12    Int: 10    God:
Gold:   219        SH:  0    Dex: 14    Spells: 0 memorised, 6 levels left

rFire  . . .     SeeInvis .     a - +0 long sword
rCold  . . .     Clarity  .     b - +0 leather armour
rNeg   . . .     SustAt   .     (no shield)
rPois  .         Gourm    .     c - +0 helmet
rElec  .         Spirit   +     (no cloak)
rCorr  .         Warding  .     (no gloves)
rMut   .         Stasis   .     (no boots)
MR     .....                    (no amulet)
Stlth  ++........               (no ring)
                                (no ring)

@: not resistant to hostile enchantments, unstealthy
A: fangs 2, regeneration 2, magic shield, antimagic bite, no device heal 3, rot
immunity
a: no special abilities


You were on level 4 of the Dungeon.
You were not hungry.

You visited 1 branch of the dungeon, and saw 4 of its levels.

You collected 219 gold pieces.

Inventory:

Hand weapons
 a - a +0 long sword (weapon)
Missiles
 d - 3 throwing nets (quivered)
Armour
 b - a +0 leather armour (worn)
 c - a +0 helmet (worn)
Magical devices
 f - a wand of digging (15)
 n - a wand of fireball (7)
 r - a wand of digging (10)
Scrolls
 g - a scroll of amnesia
 h - 3 scrolls of blinking {unknown}
 m - a scroll of remove curse
 o - 5 scrolls of identify
Potions
 j - a potion of magic
 k - a potion of might {unknown}
 p - a potion of brilliance {unknown}
 q - a potion of lignification {unknown}
 u - a potion of cure mutation {unknown}
Books
 v - a book of the Warp

   Spells                             Type                      Level
   a - Recall                         Summoning/Translocation      3
   b - Gell's Gravitas                Hexes/Translocation          3
   c - Force Lance                    Conjuration/Translocation    4
   d - Phase Shift                    Translocation                5
   e - Warp Weapon                    Charms/Translocation         5
   f - Summon Forest                  Summoning/Translocation      5
Comestibles
 e - 4 bread rations
 i - 2 meat rations
 l - 9 fruits


   Skills:
 + Level 3.7 Fighting
 + Level 4.4 Long Blades
 - Level 1.7 Throwing
 * Level 3.8 Armour
 - Level 2.6 Dodging
 + Level 2.1 Stealth


You had 6 spell levels left.
You didn't know any spells.

Dungeon Overview and Level Annotations

Branches:
Dungeon (4/15)
 Temple: D:4-7

Altars:
Ashenzari
Okawaru
Zin


Innate Abilities, Weirdness & Mutations

You have extremely sharp teeth.
You heal very quickly.
When hurt, damage is shared between your health and your magic reserves.
Your bite disrupts and absorbs the magic of your enemies.
Potions and wands cannot restore your health.
You are immune to rotting.


Message History

The ogre hits you with a giant club!!
Ouch! That really hurt!
* * * LOW HITPOINT WARNING * * *
You slash the ogre! You bite the ogre, but do no damage.
The ogre is severely wounded.
The ogre barely misses you.
Items here: )) [[ a leather armour; a club; a ring mail; a trident You barely miss the ogre.
The ogre is severely wounded.
The ogre hits you with a giant club!
You hit the ogre. You bite the ogre. You drain its power.
You feel invigorated.
The ogre is almost dead.
The ogre hits you with a giant club!
* * * LOW HITPOINT WARNING * * *
There is an open door here.
You hit the ogre. You bite the ogre. You drain its power.
You feel invigorated.
The ogre is almost dead.
The ogre hits you with a giant club!!
You die...

##########.# #####'##
)........#.#######......#
.#.###..................#
.#.......##.#...........######
.####....#..#.###.......'....#
.##.#....#..#'###.......####.#
.##.#....#..............# #.#
.##.#.[#................# #.#
..#.##.###).....@O......# #.#
.#...#.#........#.......####.#
...#.#.#)#.####.#>########.#.#
.....#.#(#......#......# #.#.#
.#####.#.#..##########.# #.#[#
.......#...............# #.#.#
#.########################.#.#
♣.♣ #....## ..♣ ####..#


You could see an ogre.

Vanquished Creatures
  An ogre (D:4)
  A scorpion (D:4)
  A water moccasin skeleton (D:4)
  A hound (D:4)
  Jessica (D:2)
  An orc wizard (D:3)
  Natasha (thrice) (D:2)
  2 orc priests
  A hound skeleton (D:4)
  A gnoll (D:2)
  8 adders
  3 oozes
  An adder skeleton (D:4)
  A worm (D:2)
  2 giant geckos
  23 orcs
  6 bats
  2 bat skeletons (D:4)
  2 giant cockroaches
  7 goblins
  8 hobgoblins
  A jackal (D:4)
  A quokka (D:4)
  6 giant newts
  2 jackal skeletons (D:4)
  8 kobolds
  17 rats
111 creatures vanquished.

Notes
Turn   | Place    | Note
--------------------------------------------------------------
     0 | D:1      | Snupthedog the Vine Stalker Gladiator began the quest for the Orb.
     0 | D:1      | Reached XP level 1. HP: 11/11 MP: 2/2
   340 | D:1      | Reached skill level 3 in Long Blades
   340 | D:1      | Reached XP level 2. HP: 15/15 MP: 3/3
   606 | D:1      | Reached skill level 1 in Stealth
   873 | D:2      | Reached XP level 3. HP: 15/18 MP: 4/4
   891 | D:2      | Found a glowing silver altar of Zin.
   892 | D:2      | Noticed Jessica
   900 | D:2      | Killed Jessica
   900 | D:2      | Reached skill level 1 in Armour
   900 | D:2      | Reached XP level 4. HP: 14/23 MP: 5/5
  1025 | D:2      | Noticed Natasha
  1048 | D:2      | Killed Natasha
  1048 | D:2      | Reached XP level 5. HP: 7/27 MP: 1/6
  1159 | D:2      | Found an iron altar of Okawaru.
  1266 | D:2      | Noticed Natasha
  1274 | D:2      | Killed Natasha
  1314 | D:2      | Noticed Natasha
  1319 | D:2      | Killed Natasha
  1609 | D:3      | Gained mutation: You heal very quickly. [Vine Stalker growth]
  1609 | D:3      | Reached XP level 6. HP: 32/32 MP: 7/7
  1680 | D:3      | Reached skill level 4 in Long Blades
  1910 | D:3      | Found a shattered altar of Ashenzari.
  2386 | D:4      | HP: 1/32 [bat skeleton (1)]
  2496 | D:4      | Reached XP level 7. HP: 29/36 MP: 8/8
  2836 | D:4      | Slain by an ogre

Vault maps used:
D:1:      elethiomel_arrival_maze
D:2:      okawaru_altar_gauntlet_db, lemuel_round_altar, uniq_jessica,
          uniq_natasha
D:3:      lemuel_doored_altar, kennysheep_potato
D:4:      forest_paths, serial_shops, shop_statue, minmay_item_behind_shaft

Action                   |  1- 3 |  4- 6 |  7- 9 || total
-------------------------+-------+-------+-------++-------
Melee: Long sword        |    54 |   254 |    30 ||   338
  Use: Scroll            |       |     8 |       ||     8
 Stab: Sleeping          |     2 |     1 |       ||     3
  Eat: Chunk             |       |     4 |     1 ||     5
       Beef jerky        |       |     1 |       ||     1
